[ AOE2 MATCH · #469110867 ]
UnrankedMagyars vs Japanese
Player's team · LOSS
Rival team · WIN
[ REPLAY ANALYSIS · EXTRACTED FROM THE RECORDED GAME ]
Feudal
8:53
Castle
—
Imperial
—
| APM avg | 43.3 |
| APM peak | 63 |
| eAPM avg | 17.4 |
| Villagers / military | 36 / 7 |
Focus
⚔️ 23.1% · 🌾 76.9%
Scout Cavalry ×7
Feudal
10:16
Castle
—
Imperial
—
| APM avg | 50.5 |
| APM peak | 81 |
| eAPM avg | 17.8 |
| Villagers / military | 32 / 8 |
Focus
⚔️ 14.5% · 🌾 85.5%
Militia ×8
Match map
Initial resources + every placement click. Lines = walls · curves = elevation contours. ◆ gold · ⬟ stone · ● berries · ✦ relic · ◌ wall gap
Your base· Open — unwalled flank
Pikachu's base· Open — unwalled flank
Smoothed initial terrain · ◌ = detected wall gap · hover for details
Inputs per minute
— pmienfbn - - Pikachu
Build order — pmienfbn
72 actions detected in the replay
| 0:01 | Create | Villager (Male) |
| 0:01 | Create | Villager (Male) |
| 0:01 | Create | Villager (Male) |
| 0:02 | Create | Villager (Male) |
| 0:02 | Build | House |
| 0:04 | Build | House |
| 1:23 | Create | Villager (Male) |
| 1:23 | Create | Villager (Male) |
| 1:24 | Create | Villager (Male) |
| 1:55 | Create | Villager (Male) |
| 1:55 | Create | Villager (Male) |
| 1:55 | Create | Villager (Male) |
| 2:22 | Build | Lumber Camp |
| 2:29 | Create | Villager (Male) |
| 2:29 | Create | Villager (Male) |
| 2:58 | Create | Villager (Male) |
| 2:58 | Create | Villager (Male) |
| 2:58 | Create | Villager (Male) |
| 3:48 | Create | Villager (Male) |
| 3:48 | Create | Villager (Male) |
| 3:48 | Create | Villager (Male) |
| 3:59 | Build | House |
| 4:17 | Create | Villager (Male) |
| 4:17 | Create | Villager (Male) |
| 4:33 | Create | Villager (Male) |
| 4:33 | Create | Villager (Male) |
| 4:33 | Create | Villager (Male) |
| 4:46 | Create | Villager (Male) |
| 4:47 | Create | Villager (Male) |
| 4:47 | Create | Villager (Male) |
| 5:01 | Create | Villager (Male) |
| 5:02 | Create | Villager (Male) |
| 5:45 | Research | Loom |
| 5:52 | Build | Mill |
| 6:38 | Research | Feudal Age |
| 6:41 | Research | Loom |
| 7:23 | Build | House |
| 7:49 | Build | Barracks |
| 8:46 | Create | Villager (Male) |
| 8:47 | Create | Villager (Male) |
| 8:53 | Age | Feudal Age |
| 8:56 | Build | Stable |
| 9:00 | Research | Double-Bit Axe |
| 9:25 | Build | House |
| 9:31 | Create | Villager (Male) |
| 9:40 | Create | Scout Cavalry |
| 9:40 | Create | Scout Cavalry |
| 10:03 | Build | Blacksmith |
| 10:06 | Create | Villager (Male) |
| 10:09 | Create | Scout Cavalry |
| 10:26 | Create | Villager (Male) |
| 10:34 | Build | House |
| 11:19 | Research | Scale Barding Armor |
| 11:30 | Build | House |
| 11:33 | Build | House |
| 11:39 | Build | Palisade Wall |
| 11:55 | Build | Palisade Wall |
| 12:25 | Create | Villager (Male) |
| 12:25 | Create | Villager (Male) |
| 12:25 | Create | Villager (Male) |
| 12:34 | Build | House |
| 12:36 | Build | Farm |
| 12:52 | Build | Farm |
| 13:03 | Build | Farm |
| 13:06 | Build | Farm |
| 13:15 | Create | Scout Cavalry |
| 13:15 | Create | Scout Cavalry |
| 13:18 | Build | Farm |
| 13:21 | Build | Farm |
| 13:22 | Build | Farm |
| 13:34 | Create | Scout Cavalry |
| 13:34 | Create | Scout Cavalry |
Build order — Pikachu
66 actions detected in the replay
| 0:12 | Build | House |
| 0:12 | Build | House |
| 0:14 | Create | Villager (Male) |
| 0:14 | Create | Villager (Male) |
| 0:15 | Create | Villager (Male) |
| 0:22 | Create | Villager (Male) |
| 0:22 | Create | Villager (Male) |
| 2:01 | Create | Villager (Male) |
| 2:01 | Create | Villager (Male) |
| 2:04 | Create | Villager (Male) |
| 2:39 | Create | Villager (Male) |
| 2:39 | Create | Villager (Male) |
| 3:16 | Create | Villager (Male) |
| 3:16 | Create | Villager (Male) |
| 3:47 | Create | Villager (Male) |
| 3:48 | Create | Villager (Male) |
| 4:15 | Build | House |
| 4:41 | Create | Villager (Male) |
| 4:41 | Create | Villager (Male) |
| 5:06 | Create | Villager (Male) |
| 5:06 | Create | Villager (Male) |
| 5:16 | Build | Barracks |
| 5:46 | Create | Villager (Male) |
| 5:46 | Create | Villager (Male) |
| 5:48 | Research | Loom |
| 6:40 | Build | House |
| 6:55 | Build | Lumber Camp |
| 7:17 | Build | Mining Camp |
| 7:23 | Create | Militia |
| 7:28 | Create | Villager (Male) |
| 8:06 | Research | Feudal Age |
| 8:06 | Research | Feudal Age |
| 8:09 | Create | Militia |
| 8:09 | Create | Militia |
| 8:09 | Create | Militia |
| 8:42 | Create | Militia |
| 8:47 | Build | Mill |
| 9:12 | Create | Militia |
| 9:22 | Build | House |
| 9:44 | Create | Villager (Male) |
| 10:10 | Build | House |
| 10:16 | Age | Feudal Age |
| 10:17 | Build | House |
| 10:20 | Build | Palisade Wall |
| 10:23 | Research | Man-at-Arms (upgrade) |
| 10:24 | Create | Villager (Male) |
| 10:45 | Create | Villager (Male) |
| 10:52 | Build | Farm |
| 10:52 | Build | Farm |
| 10:53 | Build | Farm |
| 10:53 | Build | Farm |
| 10:53 | Build | Farm |
| 10:54 | Build | Farm |
| 11:18 | Create | Villager (Male) |
| 11:19 | Create | Villager (Male) |
| 12:19 | Create | Villager (Male) |
| 12:20 | Create | Villager (Male) |
| 12:20 | Create | Villager (Male) |
| 12:28 | Research | Double-Bit Axe |
| 12:42 | Research | Arson |
| 12:47 | Create | Villager (Male) |
| 12:47 | Create | Villager (Male) |
| 13:18 | Create | Militia |
| 13:18 | Create | Militia |
| 13:34 | Create | Villager (Male) |
| 13:38 | Build | Lumber Camp |
Match timeline
| 5:16 | Pikachu · first_building Barracks |
| 7:49 | pmienfbn · first_building Barracks |
| 8:53 | pmienfbn · age_up feudal |
| 8:56 | pmienfbn · first_building Stable |
| 10:16 | Pikachu · age_up feudal |
| 10:20 | Pikachu · wall_segment Palisade Wall x2 |
| 11:39 | pmienfbn · wall_segment Palisade Wall x1 |
| 11:55 | pmienfbn · wall_segment Palisade Wall x1 |
| 13:39 | pmienfbn · resign |
[ AI ANALYSIS · 1 CREDIT ]
What really happened in this match?
Wolo.gg analyzes every decision: build order, eco, micro, common mistakes by bracket. Personalized analysis on WhatsApp or Discord in 30 seconds.
Civ guide
Magyars
Perfil
Jugador #10288256